 Dungeon Crawl Stone Soup version 0.31-a0-1291-g5386780bc2 (webtiles) character file.

Game seed: 9661880987951491060

78 Nattfarinn the Changeling (level 4, -5/35 (41) HPs)
             Began as an Ogre Shapeshifter on Dec 18, 2023.
             Slain by a goblin
             ... wielding a +0 club
             ... led by Robin
              (6 damage)
             ... on level 2 of the Dungeon.
             The game lasted 00:02:37 (1293 turns).

Nattfarinn the Changeling (Ogre Shapeshifter)       Turns: 1293, Time: 00:02:38

HP:   -5/35 (41)    AC:  3    Str: 19 (20) XL:     4   Next: 36%
MP:   4/4           EV:  9    Int:  8 (11) God:
Gold: 31            SH:  0    Dex:  5 (8)  Spells: 3/3 levels left

rFire   . .          .
                       - Unarmed
rCold   . . .        (no shield)
rNeg    . . .        a - +0 animal skin
rPois   .            (helmet currently unavailable)
rElec   .            (cloak currently unavailable)
rCorr   .            (gloves unavailable)
SInv    .            (boots unavailable)
Will    .....        (no amulet)
Stlth   +            (no ring)
HPRegen 0.25/turn    (no ring)
MPRegen 0.09/turn

%: no passive effects
@: beast-form, heavily drained
A: beast (slay +2), large, unfitting armour, tough skin 1
a: Begin Untransformation


You were on level 2 of the Dungeon.
You were a hulking beast.
You visited 1 branch of the dungeon, and saw 2 of its levels.

You collected 31 gold pieces.

Inventory:

Hand Weapons
 h - a +2 dagger of draining
Armour
 a - a +0 animal skin (worn)
Talismans
 c - a beast talisman
 d - a flux talisman
Scrolls
 b - a scroll of poison {unknown}
 e - 3 scrolls of immolation
 k - a scroll of teleportation {unknown}
Potions
 i - a potion of degeneration
 m - a potion of attraction {unknown}


   Skills:
 - Level 1.3 Fighting
 - Level 1.7 Dodging
 - Level 2.6 Unarmed Combat
 * Level 4.8 Shapeshifting


You had 3 spell levels left.
You didn't know any spells.
Your spell library was empty.

Dungeon Overview and Level Annotations

Branches:
Dungeon (2/15)

Altars:

Annotations:
D:2 Robin


Innate Abilities, Weirdness & Mutations

You are a hulking beast.
Your limbs bulge with bestial killing power. (Slay +2)
You are too large for most types of armour.
You have tough skin. (AC +1)


Message History

The goblin attacks as it pursues you! The goblin hits you with a +0 mace!
* * * LOW HITPOINT WARNING * * *
Okay, then.
It was a potion of degeneration.
There was something very wrong with that liquid.
You feel weakened.
You feel dopey.
You feel clumsy. The goblin hits you with a +0 mace.
* * * LOW HITPOINT WARNING * * *
It was a potion of heal wounds.
You feel much better.
Robin says, "Bow before me, strongest of all the hobgoblins!"
Robin throws the goblin at you!
You barely miss the goblin. The goblin hits you with a +0 mace!
* * * LOW HITPOINT WARNING * * *
The goblin hits you with a +0 club.
* * * LOW HITPOINT WARNING * * *
The goblin hits you but does no damage. The goblin hits you with a +0 club.
* * * LOW HITPOINT WARNING * * *
The goblin hits you but does no damage. The goblin attacks as it pursues you!
The goblin barely misses you. The goblin attacks as it pursues you!
The goblin barely misses you. The goblin attacks as it pursues you!
The goblin barely misses you.
There is an open door here.
It was a potion of curing.
You feel better.
The goblin no longer looks unusually strong.
The goblin hits you but does no damage. x2
Robin roars a battlecry!
The goblins go into a battle-frenzy!
Okay, then.
This is a scroll of acquirement!
Something appears at your feet! The goblin hits you but does no damage.
Robin throws the goblin at you! The goblin hits you with a +0 club.
* * * LOW HITPOINT WARNING * * *
As you read the scroll labelled POTEIF OKOAM, it crumbles to dust.
It is a scroll of identify.
e - 3 scrolls of immolation The jackal bites you.
* * * LOW HITPOINT WARNING * * *
The goblin barely misses you. The jackal closely misses you.
The goblin hits you with a +0 club.
You die...

#...#.#....# #...
#.###.#.##.# #.## #.#
#.#.##.####.#< #.#
#.#.......#...
###+###'#####.#.###.
#........#..........
#........+........##
#...g....#........#
######h######........#
#....hhg# #........#
#.....g.# #........#
#.......# #........#
#.....K.# #........#
#.......# #.....g.#
#...)..g# #.......#


You could see Robin, 2 jackals, 4 goblins and a kobold.

Vanquished Creatures
  A gnoll (D:1)
  An adder (D:2)
  2 worms (D:2)
  A dart slug (D:1)
  4 bats (D:1)
  An endoplasm (D:1)
  2 giant cockroaches
  11 goblins
  3 hobgoblins
  6 jackals
  7 kobolds
  A quokka (D:1)
  2 ball pythons
  4 frilled lizards
  A rat (D:1)
47 creatures vanquished.

Notes
Turn   | Place    | Note
-------+----------+-------------------------------------------
     0 | D:1      | Nattfarinn the Ogre Shapeshifter began the quest for the
                  | Orb.
     0 | D:1      | Reached XP level 1. HP: 19/19 MP: 1/1
   107 | D:1      | Reached XP level 2. HP: 24/27 MP: 2/2
   266 | D:1      | Reached skill level 4 in Shapeshifting
   266 | D:1      | Reached XP level 3. HP: 8/33 MP: 3/3
   701 | D:2      | Noticed Robin
   986 | D:2      | Reached XP level 4. HP: 28/33 MP: 4/4
  1285 | D:2      | HP: 1/35 [goblin/+0 club[Robin] (4)]
  1292 | D:2      | Identified a scroll of acquirement
  1292 | D:2      | Acquired a +2 lajatang of electrocution
  1293 | D:2      | HP: 1/35 [jackal (1)]
  1293 | D:2      | Slain by a goblin

Illustrated notes

Levels and vault maps discovered:
D:1:      grunt_arrival_crossed_arrows, layout_rooms
D:2:      layout_basic, grunt_decor_mini_mirrors, uniq_terence, uniq_robin

Skill      XL: |  1  2 |
---------------+-------+-----
Shapeshifting  | 4 |  4.8
Fighting       | |  1.3
Dodging        | |  1.7
Unarmed Combat | |  2.6

Action                     |  1- 3 |  4- 6 || total
---------------------------+-------+-------++-------
  Melee: Unarmed           |    99 |    34 ||   133
         Punch             |     1 |       ||     1
    Use: Potion            |     1 |     3 ||     4
         Scroll            |       |     2 ||     2
 Armour: Animal skin       |    67 |    39 ||   106
         Skin              |     8 |       ||     8
  Dodge: Dodged            |    48 |    13 ||    61

Table legend: (Time is in decaauts)
 A = Elapsed time spent in this place.
 B = Non-inter-level travel time spent in this place.
 C = Inter-level travel time spent in this place.
 D = Time resting spent in this place.
 E = Time spent auto-exploring this place.
 F = Levels seen in this place.
 G = Mean time per level.
                   A        B        C        D        E       F      G
               +--------+--------+--------+--------+--------+-----+--------+
         Total |   1287 |   1224 |     63 |     78 |    877 |   2 |  643.5 |
       Dungeon |   1287 |   1224 |     63 |     78 |    877 |   2 |  643.5 |
               +--------+--------+--------+--------+--------+-----+--------+

Top non-repeatable levels by time:
     D:1: 742 daAuts
     D:2: 545 daAuts
